 Dungeon Sprint DCSS version 0.30-a0-1018-g25214051b3 (webtiles) character file.

Game seed: 6972366562782934488

5619 fozzywoppz the Fighter (level 10, -1/103 HPs)
             Began as a Minotaur Fighter on Apr 7, 2023.
             Was a High Priest of Okawaru.
             Slain by a freezing wraith (3 damage)
             ... in the Dungeon (Sprint VII: "The Pits").
             The game lasted 00:05:05 (1388 turns).

fozzywoppz the Fighter (Minotaur Fighter)           Turns: 1388, Time: 00:05:06

Health: -1/103     AC: 20    Str: 23    XL:     10   Next: 45%
Magic:  16/16      EV:  7    Int:  5    God:    Okawaru [*****.]
Gold:   0          SH:  7    Dex: 12    Spells: 9/9 levels left

rFire   . . .      SeeInvis .    q - +1 broad axe (heavy)
rCold   . . .      Faith    .    c - +0 buckler
rNeg    . . .      Spirit   .    n - +2 plate armour
rPois   .          Reflect  .    (helmet restricted)
rElec   .          Rampage  .    r - +0 cloak
rCorr   .          NoTele   +    (no gloves)
Will    .....                    (no boots) Stlth
                                 (no amulet)
HPRegen 0.37/turn                (no ring)
MPRegen 0.15/turn                (no ring)

@: slowed, very slow
A: horns 2, retaliatory headbutt
a: Renounce Religion, Heroism, Finesse


You were in the Dungeon.
You worshipped Okawaru.
Okawaru was extremely pleased with you.
You visited 1 branch

Inventory:

Hand Weapons
 a - a +0 war axe
 q - a +1 heavy broad axe (weapon)
Armour
 c - a +0 buckler (worn)
 n - a +2 plate armour (worn)
 r - a +0 cloak (worn)
 s - a +4 chain mail
Jewellery
 b - a +3 ring of dexterity
 p - a +3 ring of evasion
Scrolls
 j - a scroll of blinking
 l - 5 scrolls of amnesia
 m - a scroll of summoning
Potions
 d - a potion of might
 e - 5 potions of curing
 f - 6 potions of heal wounds
 g - 3 potions of haste
 h - 4 potions of magic
 i - 2 potions of berserk rage
 k - 2 potions of invisibility
 o - 2 potions of brilliance


   Skills:
 + Level 14.3 Fighting
 + Level 14.0 Axes
 + Level 14.2 Armour
 + Level 14.2 Shields
 + Level 10.1 Invocations


You had 9 spell levels left.
You didn't know any spells.
Your spell library was empty.

Dungeon Overview and Level Annotations

Branches:
Dungeon (1/1)

Altars:
Ashenzari
Cheibriados
Dithmenos
Elyvilon
Fedhas
Gozag
Hepliaklqana
Kikubaaqudgha
Makhleb
Nemelex Xobeh
Okawaru
Qazlal
Ru
Sif Muna
Trog
Uskayaw
Vehumet
Wu Jian
Xom
Yredelemnul
Zin
The Shining One
Jiyva
Lugonu


Innate Abilities, Weirdness & Mutations

You have a pair of horns on your head.
You reflexively headbutt those who attack you in melee.


Message History

You feel yourself speed up. You block the death yak's attack. x2
You barely miss the death yak.
You headbutt the death yak, but do no damage.
The death yak is almost dead.
The death yak gores you!!
You cut the death yak into ribbons!!!
You kill the death yak!
Okawaru is honoured by your kill. Okawaru grants you a weapon!
Something appears at your feet!
You see here a +0 heavy broad axe.
The freezing wraith hits you. The freezing wraith freezes you!
The freezing wraith hits you! The freezing wraith drains your vigour!
You feel yourself slow down.
Your Axes skill increases to level 14!
Your Invocations skill increases to level 10!
You hit the freezing wraith but do no damage.
The freezing wraith is lightly damaged.
The freezing wraith hits you but does no damage. x2
The freezing wraith hits you. The freezing wraith freezes you!!
* * * LOW HITPOINT WARNING * * *
You block the freezing wraith's attack.
You slice the freezing wraith!!
Your headbutt misses the freezing wraith.
The freezing wraith is almost destroyed.
The freezing wraith barely misses you.
The freezing wraith hits you but does no damage.
You block the freezing wraith's attack. The freezing wraith hits you.
* * * LOW HITPOINT WARNING * * *
You completely miss the freezing wraith.
The freezing wraith is almost destroyed.
The freezing wraith hits you but does no damage. x4
You closely miss the freezing wraith.
The freezing wraith is severely damaged.
The freezing wraith hits you.
* * * LOW HITPOINT WARNING * * *
The freezing wraith freezes you!
* * * LOW HITPOINT WARNING * * *
The freezing wraith hits you.
You die...

))#####'#####''######
))##.......##''# ##### ##
))##.......##..## ...# ..+
[.##.......##...##...# ..#
'###...<...###...##'##..##
..##.......# ##.รท))).....#
..##.......###..###)###...
####.......##..##.....##..#
..###########..W@..)...'..'
.############..##.....##..#
)#....#..[[###..###'###. .#
)#....#....# ##.........
.'....'...)# #...##'##..
'#....#..))##...##... ..
)#....#..))##..## ... .
############### ####


You could see a freezing wraith.

Vanquished Creatures
  2 death yaks (D)
  A shadow wraith (D)
  A deep troll (D)
  Pikel (D)
  A gargoyle (D)
  A cane toad (D)
  An unseen horror (D)
  A flying skull (D)
  A ynoxinul (D)
  A redback (D)
  A water moccasin (D)
  A black bear (D)
  2 floating eyes (D)
  An orc warrior (D)
  9 wolves (D)
  2 centaurs (D)
  3 lemures (D)
  A bullfrog (D)
  3 orc priests (D)
  A hound (D)
  A gnoll bouda (D)
  An iguana (D)
  Terence (D)
  2 gnolls (D)
  A river rat (D)
  A worm (D)
  5 orcs (D)
  A ball python (D)
  An endoplasm (D)
  A giant cockroach (D)
  A hobgoblin (D)
  3 jackals (D)
  A kobold (D)
  A quokka skeleton (D)
  A rat (D)
57 creatures vanquished.

Notes
Turn   | Place    | Note
-------+----------+-------------------------------------------
     0 | D        | fozzywoppz the Minotaur Fighter began the quest for the
                  | Orb.
     0 | D        | Reached XP level 1. HP: 19/19 MP: 0/0
    14 | D        | Reached XP level 2. HP: 9/28 MP: 1/1
    38 | D        | Found a glowing golden altar of the Shining One.
    38 | D        | Found a glowing silver altar of Zin.
    38 | D        | Found a basalt altar of Yredelemnul.
    38 | D        | Found a shimmering altar of Xom.
    38 | D        | Found an ornate altar of the Wu Jian Council.
    38 | D        | Found a bloodstained altar of Trog.
    38 | D        | Found a shimmering blue altar of Sif Muna.
    38 | D        | Found a sacrificial altar of Ru.
    38 | D        | Found a stormy altar of Qazlal.
    38 | D        | Found an iron altar of Okawaru.
    38 | D        | Found a sparkling altar of Nemelex Xobeh.
    38 | D        | Found a burning altar of Makhleb.
    38 | D        | Found a viscous altar of Jiyva.
    38 | D        | Found a hazy altar of Hepliaklqana.
    38 | D        | Found an opulent altar of Gozag.
    38 | D        | Found a blossoming altar of Fedhas.
    38 | D        | Found a white marble altar of Elyvilon.
    38 | D        | Found a shadowy altar of Dithmenos.
    38 | D        | Found a snail-covered altar of Cheibriados.
    39 | D        | Found a radiant altar of Vehumet.
    39 | D        | Found a corrupted altar of Lugonu.
    40 | D        | Found an ancient bone altar of Kikubaaqudgha.
    40 | D        | Found a hide-covered altar of Uskayaw.
    40 | D        | Found a broken altar of Ashenzari.
    50 | D        | Became a worshipper of Warmaster Okawaru
    91 | D        | Noticed a floating eye
    95 | D        | Killed a floating eye
    95 | D        | Reached * piety under Okawaru
    96 | D        | Reached skill level 5 in Axes
    96 | D        | Reached XP level 3. HP: 38/38 MP: 2/2
    96 | D        | Reached XP level 4. HP: 45/45 MP: 3/3
    98 | D        | Noticed a floating eye
    99 | D        | Paralysed by a floating eye for 4 turns
   104 | D        | Killed a floating eye
   105 | D        | Reached XP level 5. HP: 53/53 MP: 4/4
   109 | D        | Noticed Terence
   122 | D        | Killed Terence
   186 | D        | Noticed a water moccasin
   197 | D        | Killed a water moccasin
   198 | D        | Reached XP level 6. HP: 36/62 MP: 4/6
   212 | D        | Noticed a flying skull
   219 | D        | Killed a flying skull
   219 | D        | Reached ** piety under Okawaru
   220 | D        | Reached XP level 7. HP: 31/70 MP: 6/9
   382 | D        | Reached skill level 10 in Fighting
   382 | D        | Reached skill level 10 in Armour
   382 | D        | Reached skill level 10 in Shields
   389 | D        | HP: 1/72 [something (12)]
   400 | D        | Killed a shadow wraith
   400 | D        | Reached *** piety under Okawaru
   401 | D        | Reached skill level 10 in Axes
   401 | D        | Reached XP level 8. HP: 25/82 MP: 9/11
   509 | D        | Noticed a gargoyle
   531 | D        | Killed a gargoyle
   531 | D        | Reached **** piety under Okawaru
   812 | D        | Noticed Pikel
   828 | D        | Reached XP level 9. HP: 87/90 MP: 13/13
   828 | D        | Noticed a cane toad
   836 | D        | Killed a cane toad
  1071 | D        | Noticed a deep troll
  1081 | D        | Killed a deep troll
  1081 | D        | Reached ***** piety under Okawaru
  1081 | D        | Noticed a death yak
  1088 | D        | Killed a death yak
  1095 | D        | Reached XP level 10. HP: 39/101 MP: 15/15
  1119 | D        | Killed Pikel
  1373 | D        | Noticed a death yak
  1384 | D        | Killed a death yak
  1384 | D        | Received a gift from Okawaru
  1385 | D        | Reached skill level 10 in Invocations
  1388 | D        | HP: 2/103 [freezing wraith (11)]
  1388 | D        | Slain by a freezing wraith

Illustrated notes

Levels and vault maps discovered:
D:        pitsprint [storerooms_1, entrance_room_1, metal_vault_5, armoury_1,
          mini_pit_1, grid_room_1, main_hall_1, silver_pit, the_coven_1,
          the_vestibule_1, steel_vault_5, golden_pit, hallway_of_sentries,
          crystal_vault_3, iron_vault_3, final_vault]

Skill      XL: |  1  2  3  4  5  6  7  8  9 10 |
---------------+-------------------------------+-----
Fighting       | 4 6 7 8 9 11 12 13 14 | 14.3
Axes           | 3 5 7 8 9 10 11 13 14 | 14.0
Armour         | 4 6 7 8 9 11 12 13 14 | 14.2
Shields        | 4 6 7 8 9 11 12 13 14 | 14.2
Invocations    | 2 4 6 7 9 10 | 10.1

Action                     |  1- 3 |  4- 6 |  7- 9 | 10-12 || total
---------------------------+-------+-------+-------+-------++-------
  Melee: War axe           |     7 |    33 |    53 |       ||    93
         Headbutt          |     2 |     2 |    15 |    11 ||    30
         Broad axe         |       |       |    44 |    40 ||    84
    Use: Potion            |       |       |     8 |       ||     8
 Armour: Scale mail        |     3 |     4 |       |       ||     7
         Plate armour      |       |     9 |    80 |    31 ||   120
  Dodge: Dodged            |     2 |    13 |    27 |     7 ||    49
  Block: Buckler           |     1 |    16 |    32 |    13 ||    62

Table legend: (Time is in decaauts)
 A = Elapsed time spent in this place.
 B = Non-inter-level travel time spent in this place.
 C = Inter-level travel time spent in this place.
 D = Time resting spent in this place.
 E = Time spent auto-exploring this place.
 F = Levels seen in this place.
 G = Mean time per level.
                   A        B        C        D        E       F      G
               +--------+--------+--------+--------+--------+-----+--------+
         Total |   1474 |   1474 |      0 |    848 |      0 |   1 | 1474.0 |
       Dungeon |   1474 |   1474 |      0 |    848 |      0 |   1 | 1474.0 |
               +--------+--------+--------+--------+--------+-----+--------+

Top non-repeatable levels by time:
       D: 1474 daAuts
